[Event "*** Titled Tuesday Blitz"]
[Site "Chess.com"]
[Date "2020.05.05"]
[Round "1"]
[White "SmirnovTimofey2000"]
[Black "politeplayer"]
[Result "1/2-1/2"]
[WhiteElo "2531"]
[BlackElo "2204"]
[TimeControl "180+1"]
[EndTime "10:08:03 PDT"]
[Termination "Game drawn by repetition"]

1. e4 e6 2. d4 d5 3. Nc3 dxe4 4. Nxe4 Nd7 5. Nf3 Ngf6 6. Bd3 Nxe4 7. Bxe4 Nf6 8. Bd3 c5 9. O-O cxd4 10. Nxd4 Bc5 11. Nb3 Bb6 12. a4 O-O 13. a5 Bc7 14. Qf3 Qd5 15. Qxd5 Nxd5 16. Be4 Nb4 17. Bd2 Bd6 18. a6 Rb8 19. axb7 Bxb7 20. Bxb7 Rxb7 21. Bxb4 Bxb4 22. Rfd1 Rc8 23. Ra4 g6 24. Na1 Be7 25. Ra2 Bf6 26. c3 Rcb8 27. g3 Rxb2 28. Rxa7 Bxc3 29. Kg2 R2b7 30. Rxb7 Rxb7 31. Nc2 Rb2 32. Ne3 e5 33.
Nc4 Rc2 34. Kf3 Bd4 35. Ne3 f6 36. g4 Kg7 37. Rb1 Bxe3 38. Rb7+ Kh6 39. Kxe3 Rc3+ 40. Ke4 Rh3 41. f4 exf4 42. Kxf4 Rxh2 43. Rf7 Rf2+ 44. Kg3 Rf1 45. Kg2 Rf4 46. Kg3 Rf1 47. Kg2 Rf4 48.
Kg3 Rf1 1/2-1/2

[Event "*** Titled Tuesday Blitz"]
[Site "Chess.com"]
[Date "2020.05.05"]
[Round "1"]
[White "SCIM"]
[Black "CMS13"]
[Result "1-0"]
[WhiteElo "2526"]
[BlackElo "2163"]
[TimeControl "180+1"]
[EndTime "10:08:04 PDT"]
[Termination "SCIM won by checkmate"]

1. d4 d5 2. c4 e6 3. Nf3 Nf6 4. g3 dxc4 5. Bg2 Nc6 6. O-O Rb8 7.
a4 a6 8. a5 Bb4 9. Nbd2 c3 10.
Nc4 O-O 11. bxc3 Bxc3 12. Ra3 Bb4 13. Rd3 Nxa5 14. Nxa5 Bxa5 15. Ne5 c6 16. Bg5 h6 17. Bf4 Bc7 18. Bxc6 Nh5 19. Bg2 Nxf4 20. gxf4 Qe8 21. Rg3 b5 22. Kh1 Kh7 23. Bc6 Qe7 24. Rfg1 Bxe5 25. fxe5 g6 26. Qd3 Rg8 27. h3 Bb7 28.
Bxb7 Qxb7+ 29. Kh2 b4 30. Qb3 a5 31. h4 Qc6 32. h5 a4 33. Qd3 Qb5 34. Qe4 Qd5 35. Qd3 Qb5 36. Qe4 Qd5 37. Qb1 f5 38. exf6 Qxh5+ 39. Rh3 Qf5 40. Qc1 g5 41. Qc7+ Kg6 42.
f7 Rgf8 43. Qg3 Qf4 44. Qxf4 Rxf7 45. Qe4+ Kg7 46. f3 b3 47. Qe5+ Kh7 48. Qxb8 a3 49. Qe8 Ra7 50. Qxe6 a2 51. Qe4+ Kg7 52. Qe5+ Kh7 53. Qe4+ Kg7 54. Rxg5+ hxg5 55. Rh7+ Kg8 56. Rxa7 a1=Q 57. Qe8# 1-0

[Event "*** Titled Tuesday Blitz"]
[Site "Chess.com"]
[Date "2020.05.05"]
[Round "1"]
[White "Stormeman100100"]
[Black "Mazanchenko_Dmitry"]
[Result "1-0"]
[WhiteElo "2514"]
[BlackElo "2136"]
[TimeControl "180+1"]
[EndTime "10:08:04 PDT"]
[Termination "Stormeman100100 won on time"]

1. Nf3 g6 2. g3 Bg7 3. Bg2 d6 4. O-O e5 5. d3 Nc6 6. c4 f5 7. Nc3 Nf6 8. Rb1 a5 9. a3 Be6 10.
b4 axb4 11. axb4 Qd7 12. b5 Nd8 13. Qc2 h6 14. Nh4 Kf7 15. f4 g5 16. fxg5 hxg5 17.
Bxg5 Rh5 18. Nf3 Kg6 19. Bd2 Nf7 20. e4 fxe4 21. Nxe4 Nxe4 22. dxe4 Rah8 23. c5 Bh6 24. Bxh6 Nxh6 25. cxd6 Ng4 26. Qxc7 Nxh2 27. Nxh2 Rxh2 28. Qxd7 Bxd7 29. Rf2 R2h6 30. b6 Kg5 31. Rf7 Rxd6 32. Rbf1 Rd8 33. Rg7+ Rg6 34. Rff7 Rxg7 35. Rxg7+ Kf6 36.
Rh7 Bc6 37. Kh2 Rd2 38. Kh3 Rxg2 39. Rh6+ Kg7 40. Rxc6 Rb2 41. Rc7+ Kf6 42. Rxb7 Kg5 43. Rb8 Kg6 44. b7 Kg7 45. Kg4 Rb3 46. Kf5 Rb6 47.
Kxe5 Rb5+ 48. Kf4 Rb4 49. Kf5 Rb5+ 50. e5 Rb3 51. e6 Rf3+ 52. Kg4 Rb3 53. e7 Re3 54. e8=Q 1-0

[Event "*** Titled Tuesday Blitz"]
[Site "Chess.com"]
[Date "2020.05.05"]
[Round "1"]
[White "FMVolodymyrSakun"]
[Black "mishanick"]
[Result "0-1"]
[WhiteElo "2464"]
[BlackElo "2952"]
[TimeControl "180+1"]
[EndTime "10:08:05 PDT"]
[Termination "mishanick won on time"]

1. Nf3 d5 2. d4 Nf6 3. c4 e6 4. Nc3 dxc4 5. e3 a6 6. Bxc4 b5 7. Be2 c5 8. O-O Bb7 9. b3 Nbd7 10. Bb2 Be7 11. a4 b4 12. Nb1 O-O 13. Nbd2 cxd4 14. Bxd4 Nc5 15. Ne5 a5 16. Rc1 Rc8 17. Ndc4 Nd5 18. Bf3 f6 19. Nd3 e5 20. Nxc5 Bxc5 21.
Bb2 Ba7 22. Qd3 Rc5 23. Rfd1 Qe7 24. Nd2 Nc3 25. Bxc3 Rd8 26. Qe2 bxc3 27. Ne4 Rxd1+ 28. Qxd1 Bxe4 29. Bxe4 g6 30. Bd3 e4 31. Bc4+ Kg7 32.
Rxc3 Bb8 33. Rc2 h5 34. Rd2 Qe5 35. g3 h4 36. Rd7+ Kh6 37. Qg4 Qh5 38. Qe6 h3 39. Qxe4 Be5 40. g4 Qh4 41. g5+ Qxg5+ 42. Kf1 Bxh2 43. Qf3 Qg1+ 44. Ke2 Qg2 0-1

[Event "*** Titled Tuesday Blitz"]
[Site "Chess.com"]
[Date "2020.05.05"]
[Round "1"]
[White "ega2006"]
[Black "Kezin_Roman"]
[Result "0-1"]
[WhiteElo "2415"]
[BlackElo "2801"]
[TimeControl "180+1"]
[EndTime "10:08:05 PDT"]
[Termination "Kezin_Roman won by checkmate"]

1. e4 c5 2. Nf3 e6 3. Nc3 Nc6 4. g3 a6 5. Bg2 Nf6 6. O-O Qc7 7. d4 cxd4 8. Nxd4 Nxd4 9. Qxd4 Bc5 10. Bf4 d6 11. Qd2 h6 12. Rad1 e5 13. Be3 Be6 14.
Bxc5 dxc5 15. Nd5 Bxd5 16. exd5 Qd6 17. f4 O-O 18. fxe5 Qxe5 19. d6 Qxb2 20. Rb1 Qxa2 21.
Rxb7 Rad8 22. Re1 Qc4 23. d7 Qa4 24. Re7 a5 25. Rc7 Qb5 26. Rb7 Qc4 27. Qd3 Qa4 28. Ra7 c4 29. Qd4 Qb4 30. Re5 Qb1+ 31. Bf1 Qxc2 32.
Rexa5 c3 33. Rc5 Qd2 34. Qxc3 Rxd7 35. Qxd2 Rxd2 36. Rcc7 Rd1 37. Kg2 Nd5 38. Rd7 Ne3+ 39. Kf2 Rxf1+ 40. Kxe3 Rf6 41. h4 h5 42. Re7 g6 43.
Red7 Kg7 44. Re7 Rb8 45. Red7 Rb3+ 46. Ke4 Rxg3 47. Ke5 Re3+ 48. Kd4 Rh3 49. Ke5 Rxh4 50.
Rd8 Rf5+ 51. Kd6 Rd4+ 52. Ke7 Re5# 0-1

[Event "*** Titled Tuesday Blitz"]
[Site "Chess.com"]
[Date "2020.05.05"]
[Round "1"]
[White "kakakz"]
[Black "TigrVShlyape"]
[Result "1/2-1/2"]
[WhiteElo "2434"]
[BlackElo "2810"]
[TimeControl "180+1"]
[EndTime "10:08:06 PDT"]
[Termination "Game drawn by repetition"]

1. d4 Nf6 2. c4 g6 3. Nc3 Bg7 4. e4 d6 5. Nf3 O-O 6. Be2 e5 7. d5 a5 8. Bg5 h6 9. Bh4 Na6 10. Nd2 Bd7 11. O-O Nc5 12. Qc2 b6 13. b3 g5 14. Bg3 h5 15. f3 h4 16. Bf2 Nh5 17.
a3 Nf4 18. Rfe1 f5 19. b4 axb4 20. axb4 Rxa1 21. Rxa1 fxe4 22. bxc5 Nxe2+ 23. Nxe2 exf3 24. gxf3 bxc5 25. Nc3 g4 26. Nce4 gxf3 27. Ra3 Qe8 28. Rxf3 Qg6+ 29. Kf1 Rxf3 30. Nxf3 Bf5 31. Nfd2 Bh6 32.
Qa4 Bxe4 33. Nxe4 Qxe4 34. Qe8+ Bf8 35. Qe6+ Kg7 36. Qd7+ Kh6 37. Qe6+ Kh7 38. Qf7+ Bg7 39. Qh5+ Kg8 40. Qe8+ Bf8 41. Qe6+ Kg7 42. Qd7+ Kf6 43.
Qe6+ Kg7 1/2-1/2

[Event "*** Titled Tuesday Blitz"]
[Site "Chess.com"]
[Date "2020.05.05"]
[Round "1"]
[White "Xeniya2005"]
[Black "kungmongmanh"]
[Result "1/2-1/2"]
[WhiteElo "2277"]
[BlackElo "2591"]
[TimeControl "180+1"]
[EndTime "10:08:06 PDT"]
[Termination "Game drawn - insufficient material"]

1. e4 e6 2. d4 d5 3. Nd2 Nf6 4. e5 Nfd7 5. Bd3 c5 6. c3 b6 7.
Ne2 Ba6 8. Bxa6 Nxa6 9. O-O Be7 10.
f4 O-O 11. Nf3 Nc7 12. a4 Rc8 13. Ng3 f5 14. exf6 Bxf6 15. f5 cxd4 16. cxd4 e5 17. dxe5 Nxe5 18. Nxe5 Bxe5 19. Rb1 Qh4 20. Qd3 Qxa4 21.
Bg5 Qd4+ 22. Qxd4 Bxd4+ 23. Kh1 Bf6 24. Bxf6 Rxf6 25. Rbc1 Rf7 26. Rfd1 Rd8 27. Kg1 d4 28. Rd3 Na6 29. Rcd1 Rfd7 30. Ne2 Nc5 31. Rxd4 Rxd4 32. Rxd4 Rxd4 33. Nxd4 a5 34. b3 Kf7 35. Kf2 Kf6 36. Ke3 Ke5 37. g4 h6 38. h4 Kf6 39.
Kf4 Nd3+ 40. Ke3 Nb4 41. Kf4 Nd5+ 42. Ke4 Nc3+ 43. Kf4 b5 44. g5+ hxg5+ 45. hxg5+ Kf7 46. Ke3 a4 47. bxa4 bxa4 48. Kd3 Nd5 49. Kc4 Nf4 50. Kb4 Nh3 51. g6+ Kf6 52. Kxa4 Nf4 53. Kb4 Nd5+ 54. Kc5 Ne3 55. Ne6 Nxf5 56. Nxg7 Nxg7 57. Kd5 Kxg6 1/2-1/2

[Event "*** Titled Tuesday Blitz"]
[Site "Chess.com"]
[Date "2020.05.05"]
[Round "1"]
[White "Veiso"]
[Black "Dedic8"]
[Result "0-1"]
[WhiteElo "2402"]
[BlackElo "2775"]
[TimeControl "180+1"]
[EndTime "10:08:07 PDT"]
[Termination "Dedic8 won on time"]

1. d4 Nf6 2. c4 e6 3. Nc3 d5 4.
Nf3 Be7 5. Bg5 O-O 6. e3 h6 7. Bh4 Nbd7 8. Rc1 c5 9. cxd5 exd5 10. Bd3 b6 11. O-O Bb7 12. Bb1 c4 13. Qc2 Rc8 14. Ne5 Ne4 15. Nxd7 Qxd7 16. Bxe7 Qxe7 17. f3 Nf6 18. e4 dxe4 19. fxe4 g6 20. Qf2 Nxe4 21.
Bxe4 Bxe4 22. Rce1 f5 23. Qf4 Qg7 24. Nxe4 Qxd4+ 25. Qf2 Rcd8 26. Qxd4 Rxd4 27. Nc3 Rd2 28. Rf2 Rfd8 29.
Rxd2 Rxd2 30. Re2 Rd3 31. Kf2 Kf7 32. Ke1 Kf6 33. Rd2 Rxd2 34. Kxd2 Ke5 35. Ke3 g5 36. g3 a6 37. a4 f4+ 38. gxf4+ gxf4+ 39. Kf3 Kd4 40. Kxf4 Kd3 41. Ne4 b5 42. Kf5 bxa4 43.
Nc5+ Kc2 44. Nxa4 a5 45. Kg6 Kb3 46. Nb6 a4 47. h4 c3 48. bxc3 a3 49. c4 a2 50. c5 a1=Q 51. Kxh6 Qf6+ 52. Kh5 Qf5+ 53. Kh6 Qxc5 54. Nd7 Qd6+ 55. Kg7 Qxd7+ 0-1

[Event "*** Titled Tuesday Blitz"]
[Site "Chess.com"]
[Date "2020.05.05"]
[Round "1"]
[White "Tsukasa06"]
[Black "saikrishnaReturns"]
[Result "0-1"]
[WhiteElo "2263"]
[BlackElo "2593"]
[TimeControl "180+1"]
[EndTime "10:08:07 PDT"]
[Termination "saikrishnaReturns won on time"]

1. e4 e5 2. Nf3 Nc6 3. Bc4 Nf6 4. d3 h6 5. c3 d6 6. Nbd2 g6 7. Nf1 Bg7 8. Ne3 O-O 9. O-O Ne7 10. Re1 c6 11.
Bb3 Qc7 12. a4 a5 13. Bc2 Rd8 14. Qe2 d5 15. exd5 cxd5 16. d4 e4 17. Ne5 Nc6 18.
f4 exf3 19. Nxf3 Ng4 20. h3 Nxe3 21. Bxe3 Bd7 22. Qd2 Kh7 23. Bf4 Qb6 24. Rab1 Re8 25. Bd3 Ne7 26. Ne5 Bxe5 27. Rxe5 f6 28. Re2 Nf5 29.
Rbe1 Rxe2 30. Rxe2 Re8 31. Bxf5 gxf5 32. Rxe8 Bxe8 33.
Bxh6 Bxa4 34. Bf8 Kg8 35. Qh6 Qc7 36. Qxf6 Qf7 37. Qxf7+ Kxf7 38. Bc5 Bc2 39. Kf2 Be4 40. g3 Kg6 41. Ke3 Bg2 42. h4 Be4 43. Kf4 Kh5 44.
b3 Bc2 45. Bb6 Bxb3 46. Kxf5 Bc2+ 47. Ke5 a4 48. Bc5 Bb3 49. Kf4 Bd1 50. Be7 Be2 51. Ke3 Bd1 52. Kf4 Be2 53. Ba3 Bd1 54. Bb4 b6 55. Ba3 b5 56. Ke5 Bf3 57. Kd6 Kg4 58. Kc5 Kxg3 0-1

[Event "*** Titled Tuesday Blitz"]
[Site "Chess.com"]
[Date "2020.05.05"]
[Round "1"]
[White "Susal_De_Silva"]
[Black "regular_legs"]
[Result "0-1"]
[WhiteElo "2233"]
[BlackElo "2567"]
[TimeControl "180+1"]
[EndTime "10:08:07 PDT"]
[Termination "regular_legs won by resignation"]

1. e4 c6 2. d4 d5 3. Nc3 dxe4 4. Nxe4 Bf5 5. Ng3 Bg6 6. h4 h6 7. Nf3 Nd7 8. h5 Bh7 9. Bd3 Bxd3 10. Qxd3 e6 11.
Bf4 Qa5+ 12. Bd2 Bb4 13. a3 Bxd2+ 14. Qxd2 Qxd2+ 15. Kxd2 Ngf6 16. Rae1 O-O-O 17. Kc1 c5 18. Rh4 cxd4 19. Rxd4 Nb8 20. Rxd8+ Kxd8 21. Ne5 Rf8 22.
Ne4 Ke7 23. Nxf6 gxf6 24. Nf3 Nc6 25. Re4 f5 26. Rc4 Rg8 27. g3 Rg4 28. Rc3 e5 29. Re3 f6 30. Nh4 Ke6 31. Ng6 Ne7 32. Nxe7 Kxe7 33. f4 Kd6 34. Kd2 exf4 35. gxf4 Rxf4 36. Rd3+ Ke6 37. Re3+ Re4 38. Rg3 f4 39. Rg6 f3 40. Rg3 Rf4 41. Ke1 f2+ 42. Kf1 Kf5 43.
Rg2 Rf3 44. Rxf2 Rxf2+ 45. Kxf2 Kg5 46. c4 Kxh5 47. c5 Kg4 48. b4 Kf5 49. b5 Ke6 50.
Kf3 h5 51. Kg3 f5 52. Kh4 f4 53. a4 Kd5 54. c6 bxc6 55. bxc6 0-1

[Event "*** Titled Tuesday Blitz"]
[Site "Chess.com"]
[Date "2020.05.05"]
[Round "1"]
[White "bakki78"]
[Black "Keks2017"]
[Result "1/2-1/2"]
[WhiteElo "2723"]
[BlackElo "2388"]
[TimeControl "180+1"]
[EndTime "10:08:09 PDT"]
[Termination "Game drawn - insufficient material"]

1. e4 d6 2. d4 Nf6 3. Nc3 g6 4.
f4 Bg7 5. Bd3 O-O 6. e5 Nfd7 7.
h4 c5 8. h5 cxd4 9. hxg6 hxg6 10. Ne4 dxe5 11. Qg4 exf4 12. Qh4 Qa5+ 13. Bd2 Qh5 14.
Qxh5 gxh5 15. Bxf4 Nc6 16. Rxh5 Nde5 17. Be2 Ng6 18. Bd2 Nce5 19. O-O-O Bg4 20. Bxg4 Nxg4 21. Nf3 Nf6 22. Nxf6+ Bxf6 23. Rdh1 Rac8 24. Kb1 Rfd8 25. Nh2 b6 26. Ng4 Rc5 27. Nxf6+ exf6 28. R5h3 Rf5 29. Rg3 Rf2 30. Bb4 Rd5 31. a3 Rg5 32. Rd3 Rgxg2 33. Rxd4 Rxc2 34. Bc3 Rcf2 35. Rd7 a5 36. Rd6 Kg7 37.
Rxb6 a4 38. Rb4 Rf4 39. Ka2 Rxb4 40. axb4 Nf4 41. Ka3 Kg6 42. Kxa4 f5 43. b5 Nd5 44. Ka5 f4 45. b6 Nxb6 46. Kxb6 f3 47. Bd4 Kf5 48.
Kc5 Ke4 49. Re1+ Re2 50. Rxe2+ fxe2 51. Bc3 f5 52. b4 f4 53. b5 f3 54. Be1 Ke3 55.
b6 f2 56. Bxf2+ Kxf2 57. b7 e1=Q 58. b8=Q Qe3+ 59. Kd5 Qd3+ 60. Ke6 Qe3+ 61. Kd7 Qd3+ 62. Qd6 Qxd6+ 63. Kxd6 1/2-1/2

[Event "*** Titled Tuesday Blitz"]
[Site "Chess.com"]
[Date "2020.05.05"]
[Round "1"]
[White "bilelou"]
[Black "marszach123"]
[Result "1/2-1/2"]
[WhiteElo "2507"]
[BlackElo "2146"]
[TimeControl "180+1"]
[EndTime "10:08:09 PDT"]
[Termination "Game drawn by agreement"]

1. d4 Nf6 2. c4 e6 3. Nf3 Bb4+ 4.
Nbd2 O-O 5. g3 b6 6. Bg2 Bb7 7. O-O Be7 8. Qc2 c5 9. e4 d5 10. e5 Nfd7 11. cxd5 Bxd5 12. Ne4 cxd4 13. Bf4 Nc6 14. Nfg5 g6 15. Nd6 Bxg2 16. Ngxf7 Rxf7 17. Nxf7 Kxf7 18. Kxg2 Ncxe5 19. Qe4 Bf6 20. Rac1 Nc5 21.
Rxc5 bxc5 22. Bxe5 Bxe5 23. Qxe5 Qd5+ 24. Qxd5 exd5 25.
Rc1 c4 26. Kf3 Rb8 27. b3 cxb3 28. axb3 Rxb3+ 29. Kf4 d3 30. Ke3 Kf6 31. Rc7 a5 32. Rxh7 a4 33. Ra7 a3 34. h4 d4+ 35. Kd2 Rb2+ 36.
Kxd3 Rxf2 37. Kxd4 a2 38. Ke4 Re2+ 39. Kf3 Rb2 40.
Kf4 Rb4+ 41. Kf3 Rb3+ 42. Kg4 Rb4+ 43. Kh3 Rb2 44. g4 Rb3+ 45. Kg2 Rb2+ 46. Kf3 Rb3+ 47. Ke2 Rb2+ 48. Kd3 Rh2 49. Ra6+ Kg7 50. h5 gxh5 51. gxh5 Rxh5 52. Rxa2 Rh3+ 53. Ke4 Rh4+ 54. Kf5 Rh5+ 55. Kg4 Rc5 56. Ra7+ Kg6 57. Ra6+ Kg7 58. Kf4 Rb5 59. Ke4 Rb4+ 60. Kd5 Rb5+ 61. Ke6 Rc5 62. Ra1 Rb5 63.
Rg1+ Kf8 64. Rg2 Rb6+ 65. Kd7 Rb7+ 66. Kd6 Rb6+ 67. Kc7 Rb3 68. Kd7 Rd3+ 69. Ke6 Re3+ 70. Kf5 Rf3+ 1/2-1/2

[Event "*** Titled Tuesday Blitz"]
[Site "Chess.com"]
[Date "2020.05.05"]
[Round "1"]
[White "Katheksis"]
[Black "mishikomchedlishvili"]
[Result "1/2-1/2"]
[WhiteElo "2440"]
[BlackElo "2837"]
[TimeControl "180+1"]
[EndTime "10:08:11 PDT"]
[Termination "Game drawn by repetition"]

1. d4 d6 2. Bf4 Nf6 3. Nc3 Nbd7 4. Nf3 c5 5. dxc5 Nxc5 6. e3 g6 7. Be2 Bg7 8. O-O O-O 9. h3 Bd7 10. a4 Nh5 11. Bh2 Bxc3 12. bxc3 Nxa4 13. Qd4 Nc5 14.
Rfd1 Ng7 15. Bc4 Qc7 16. Bd5 Be6 17. c4 Bxd5 18. cxd5 b6 19. h4 a5 20. Bf4 Rfc8 21. Bh6 Nf5 22. Qf4 Nd7 23. g4 Nxh6 24. Qxh6 Qc3 25.
Nd4 Nf6 26. Qg5 Re8 27. h5 Qc5 28. Nf5 Ne4 29. Nh6+ Kg7 30. Qf4 Qxc2 31. Rf1 f6 32.
Rac1 Qd3 33. Rfd1 Nd2 34. e4 Nf3+ 35. Kh1 Qe2 36. hxg6 hxg6 37. Kg2 Nh4+ 38. Kg3 g5 39. Nf5+ Nxf5+ 40. Qxf5 Rh8 41. Rh1 Rae8 42. Rxh8 Rxh8 43. Rc7 Re8 44. Qe6 Qd3+ 45. f3 Kf8 46. Rc8 Qd2 47.
Rxe8+ Kxe8 48. Qg8+ Kd7 49. Qe6+ Kd8 50. Qg8+ Kc7 51.
Qe8 Qf4+ 52. Kg2 Qd2+ 53. Kg3 Qf4+ 54. Kg2 b5 55. Qc6+ Kd8 56. Qa8+ Kd7 57. Qc6+ Kd8 58. Qa8+ Kc7 59. Qc6+ Kd8 1/2-1/2

[Event "*** Titled Tuesday Blitz"]
[Site "Chess.com"]
[Date "2020.05.05"]
[Round "1"]
[White "Goala"]
[Black "Abund"]
[Result "1-0"]
[WhiteElo "2352"]
[BlackElo "2647"]
[TimeControl "180+1"]
[EndTime "10:08:11 PDT"]
[Termination "Goala won by resignation"]

1. d4 Nf6 2. c4 g6 3. Nc3 d5 4. cxd5 Nxd5 5. e4 Nxc3 6. bxc3 Bg7 7. Be3 c5 8. Qd2 Qa5 9. Rb1 b6 10. Rc1 O-O 11. Nf3 Ba6 12. Bxa6 Qxa6 13. d5 Qc4 14. Qc2 f5 15. Nd2 Qa6 16. Bg5 Bf6 17.
Bxf6 exf6 18. c4 Nd7 19. O-O fxe4 20. Nxe4 Rae8 21. Rfe1 Qa5 22. Re3 f5 23. Ng5 Rxe3 24. fxe3 Re8 25. e4 Qa3 26. Re1 Re5 27. Nf3 Rxe4 28. Rxe4 fxe4 29. Qxe4 Qc1+ 30. Kf2 Qb2+ 31. Kg3 Qf6 32. a4 Qd6+ 33. Kf2 Nf6 34. Qh4 Kg7 35. h3 h6 36. Kg1 g5 37. Qe1 Nd7 38. Qe4 Nf6 39.
Qf5 Qd7 40. Qe5 Qe8 41. Qc7+ Qd7 42. Qe5 Qf7 43. d6 Kg6 44. h4 Nd7 45. Qe4+ Kg7 46. Ne5 Nxe5 47. Qxe5+ Qf6 48. Qd5 Qd4+ 49. Qxd4+ cxd4 50.
d7 d3 51. d8=Q d2 52. Qxd2 Kg6 53. Qd6+ Kf5 54. hxg5 hxg5 55. Qd7+ Kf4 56. Qxa7 Ke4 57. Qxb6 Kd3 58. c5 1-0

[Event "*** Titled Tuesday Blitz"]
[Site "Chess.com"]
[Date "2020.05.05"]
[Round "1"]
[White "FMJoseHerrera"]
[Black "Richarzard69"]
[Result "0-1"]
[WhiteElo "2593"]
[BlackElo "2305"]
[TimeControl "180+1"]
[EndTime "10:08:11 PDT"]
[Termination "Richarzard69 won on time"]

1. Nf3 d5 2. g3 Nf6 3. Bg2 Bf5 4. d3 e6 5. c3 Be7 6. O-O h6 7. Qb3 Qc8 8. Nbd2 O-O 9. c4 c6 10. cxd5 cxd5 11. Re1 Nc6 12. Nf1 Qd7 13. Be3 Rfc8 14. Rec1 a6 15. a3 b5 16. Qd1 Bh7 17. h3 Bd6 18.
Qd2 Ne7 19. g4 Rxc1 20. Rxc1 Rc8 21. g5 hxg5 22. Bxg5 Rxc1 23. Qxc1 Qc7 24. Qd2 Nh5 25. Qc1 Nf4 26. Qxc7 Nxe2+ 27. Kh1 Bxc7 28. Bxe7 Bxd3 29. Ne3 f6 30. Bf1 Kf7 31. Bc5 Nf4 32. Bxd3 Nxd3 33. Bd4 Nxf2+ 34. Kg2 Ne4 35. Ne1 e5 36. Nxd5 Bd6 37.
Be3 Ke6 38. Nb6 f5 39. Kf3 Nf6 40. Ke2 f4 41. Bg1 e4 42. a4 g5 43. axb5 axb5 44.
Nc2 f3+ 45. Kd2 Bf4+ 46. Ke1 Nd5 47. Nxd5 Kxd5 48. Ne3+ Kd4 49. Ng4+ Kd3 50. Nf2+ Kd4 51. Nd1+ e3 52. Bxe3+ Bxe3 53. Kf1 Kd3 54. Nc3 b4 55. Nd5 b3 56. Nb4+ Kc4 57. Nc6 Bc1 58. Ne5+ Kd5 59.
Nxf3 Bxb2 60. Nxg5 Bc1 61. Ne4 Kxe4 0-1

[Event "*** Titled Tuesday Blitz"]
[Site "Chess.com"]
[Date "2020.05.05"]
[Round "1"]
[White "kreonx"]
[Black "TST2014"]
[Result "0-1"]
[WhiteElo "2220"]
[BlackElo "2564"]
[TimeControl "180+1"]
[EndTime "10:08:11 PDT"]
[Termination "TST2014 won on time"]

1. e4 c5 2. Nc3 Nc6 3. g3 g6 4. Bg2 Bg7 5. d3 Rb8 6. Be3 d6 7. Qd2 b5 8. f4 b4 9. Nd1 h5 10. h3 Qb6 11. Nf3 Nd4 12. O-O a5 13. a3 b3 14. c3 Nc2 15. Rb1 Nf6 16. Bf2 Ba6 17.
Ne3 Qb5 18. c4 Qa4 19. Rfc1 Nxe3 20. Bxe3 O-O 21. Qf2 Qd7 22. Bd2 a4 23. Bc3 Bb7 24. Rf1 Bc6 25. Rbe1 Qb7 26. Kh2 e6 27. f5 e5 28. Bd2 gxf5 29. Nh4 fxe4 30. Nf5 e3 31. Qxe3 Bxg2 32. Qg5 Ng4+ 33. hxg4 f6 34. Qxg7+ Qxg7 35. Nxg7 Bxf1 36. Ne6 Rfe8 37. Rxf1 Rxe6 38. gxh5 Kf7 39.
g4 Rg8 40. g5 Rh8 41. h6 Kg6 42. gxf6 Rxf6 43. Kg2 Rxf1 44. Kxf1 e4 45. dxe4 Re8 46.
Ke2 Rxe4+ 47. Kd3 Rd4+ 48. Kc3 Kf5 49. Be3 Rh4 0-1

[Event "*** Titled Tuesday Blitz"]
[Site "Chess.com"]
[Date "2020.05.05"]
[Round "1"]
[White "ChessBitl"]
[Black "AwareIdea"]
[Result "0-1"]
[WhiteElo "2271"]
[BlackElo "2600"]
[TimeControl "180+1"]
[EndTime "10:08:12 PDT"]
[Termination "AwareIdea won by resignation"]

1. e4 e5 2. Nf3 Nc6 3. d4 exd4 4. Bc4 Bc5 5. c3 Nf6 6. O-O Nxe4 7. cxd4 d5 8. dxc5 dxc4 9. Qe2 Qd3 10. Re1 f5 11. Nc3 O-O 12. Nxe4 fxe4 13. Qxe4 Bf5 14. Qxd3 cxd3 15. Be3 h6 16. h3 Bxh3 17. gxh3 Rxf3 18.
Kg2 Rf7 19. Rad1 Rd8 20. b3 Rd5 21. Rd2 Ne5 22. f4 Ng6 23. Kg3 Ne7 24. Red1 Nf5+ 25. Kf3 Nxe3 26. Kxe3 Rxc5 27. Rxd3 Rh5 28. Ke4 Re7+ 29.
Kd4 Rh4 30. Rf1 Rd7+ 31. Kc3 Rxd3+ 32. Kxd3 Rxh3+ 33. Ke4 Kf7 34. Rf2 Ke7 35. Kf5 Rg3 36. Re2+ Kf7 37. Rc2 c6 38. Rd2 g6+ 39. Ke4 Ke7 40. Re2 h5 41. Ke5 h4 42. b4 h3 43.
f5 Rg2 44. Re1 gxf5 45. Kxf5+ Kd6 46. Rd1+ Kc7 47. Re1 Rxa2 48. Re3 h2 49. Rh3 Kb6 50. Ke6 Ra4 51. Rh4 h1=Q 52. Rxh1 Rxb4 0-1

[Event "*** Titled Tuesday Blitz"]
[Site "Chess.com"]
[Date "2020.05.05"]
[Round "1"]
[White "Warre"]
[Black "RaunakSadhwani2005"]
[Result "1/2-1/2"]
[WhiteElo "2454"]
[BlackElo "2870"]
[TimeControl "180+1"]
[EndTime "10:08:14 PDT"]
[Termination "Game drawn by repetition"]

1. d4 Nf6 2. c4 Nc6 3. Nf3 e6 4.
g3 Bb4+ 5. Bd2 Qe7 6. Nc3 d6 7. Bg2 a5 8. O-O Bxc3 9. Bxc3 O-O 10. Rc1 e5 11. b3 Bg4 12. Qd2 Ne4 13. Qe3 Nxc3 14. Rxc3 Bxf3 15. Bxf3 Nxd4 16. Bxb7 Rab8 17. Bg2 f5 18. Qd2 f4 19. e3 Ne6 20. exf4 exf4 21.
Re1 Kh8 22. Bd5 Rf6 23. Qe2 Re8 24. Qg4 Rg6 25. Qf5 Rf6 26. Qg4 Rg6 27. Qf5 c6 28. Bxe6 Rxe6 29. Rxe6 Qxe6 30. Qxe6 Rxe6 31. gxf4 Re1+ 32.
Kg2 Kg8 33. Rd3 Re6 34. Kf3 Kf7 35. Re3 Rh6 36. Kg4 d5 37. cxd5 cxd5 38. Re5 Rd6 39. Kf3 Kf6 40. Ke3 Kf7 41. Kd4 Rf6 42. f5 Rh6 43.
Rxd5 Rxh2 44. Ke3 a4 45. bxa4 Rh3+ 46. f3 Rh2 47. Rd2 Rh4 48. a5 Ra4 49. Rd5 Rxa2 50. Kf4 Kf6 51. Rd6+ Ke7 52. Ra6 Kf7 53. Ra8 Kf6 54.
Ra6+ Kf7 55. Ra7+ Kf6 56. Ra6+ Kf7 1/2-1/2

[Event "*** Titled Tuesday Blitz"]
[Site "Chess.com"]
[Date "2020.05.05"]
[Round "1"]
[White "fabianvivasz"]
[Black "afgano29"]
[Result "0-1"]
[WhiteElo "2359"]
[BlackElo "2702"]
[TimeControl "180+1"]
[EndTime "10:08:14 PDT"]
[Termination "afgano29 won by resignation"]

1. e4 c5 2. Nf3 Nc6 3. d4 cxd4 4.
Nxd4 e5 5. Nb5 d6 6. N1c3 a6 7. Na3 b5 8. Nd5 Nce7 9. c4 Nxd5 10. Qxd5 Be6 11. Qc6+ Bd7 12. Qd5 Nf6 13. Qd3 Bc6 14.
cxb5 Bxe4 15. Qb3 Be7 16. bxa6 O-O 17. f3 Bd5 18. Bc4 Bxc4 19. Qxc4 d5 20. Qe2 Bxa3 21.
bxa3 Qa5+ 22. Bd2 Qxa6 23. Qxa6 Rxa6 24. Bb4 Rd8 25. Kd2 d4 26. Rhe1 Re6 27. Rac1 Nd5 28. Rc5 f6 29. g3 Ra6 30. Ba5 Rd7 31. Rb1 Kf7 32. Rbb5 Ne3 33. Kd3 Nf1 34. Rb2 Ne3 35.
Rb8 h5 36. Bb4 Nd5 37. Ba5 Kg6 38. Ke4 Ne7 39. Kd3 Nc6 40. Rbb5 Rda7 41. Bb6 Rxa3+ 42. Ke4 Re3+ 43. Kd5 Ne7+ 44. Ke6 Rb7 45. a4 d3 46. a5 d2 47. Rd5 Nxd5 48. Rxd5 Re2 49. Kd6 Rxh2 50.
Kc6 Rb8 51. a6 d1=Q 52. Rxd1 Rc2+ 53. Bc5 Rc8+ 54. Kb7 R2xc5 55. a7 R5c7+ 56. Kb6 Re7 57. Rc1 Ra8 58. Ra1 Raxa7 59. Rxa7 Rxa7 60. Kxa7 Kf5 0-1

[Event "*** Titled Tuesday Blitz"]
[Site "Chess.com"]
[Date "2020.05.05"]
[Round "1"]
[White "guillembaches"]
[Black "Matibar"]
[Result "1/2-1/2"]
[WhiteElo "2426"]
[BlackElo "2798"]
[TimeControl "180+1"]
[EndTime "10:08:19 PDT"]
[Termination "Game drawn by repetition"]

1. e4 d5 2. exd5 Qxd5 3. Nc3 Qd8 4. d4 Nf6 5. Bc4 g6 6. Nf3 Bg7 7. h3 O-O 8. O-O b6 9. a4 Nc6 10. Re1 Bb7 11. Bg5 a5 12. Qd2 Nb4 13. Ne5 c5 14. Nb5 e6 15. c3 Nbd5 16. Bf1 cxd4 17. Nxd4 Rc8 18. Rad1 Qc7 19. Nb5 Qe7 20. c4 Nc7 21.
Ng4 Nxb5 22. axb5 Rc5 23. Qf4 Rf5 24. Bxf6 Rxf6 25. Nxf6+ Bxf6 26. Qd6 Qxd6 27. Rxd6 Bxb2 28. Rxb6 Bc8 29. Rb1 Bd4 30. Rb8 a4 31. Ra8 e5 32.
Rxa4 Bf5 33. Rd1 Bc2 34. Raa1 Bxd1 35. Rxd1 Ra8 36. Rb1 Rb8 37. Bd3 Kf8 38. Kf1 Ke7 39. Ke2 Kd6 40. Rb3 Ra8 41. b6 f5 42. b7 Rb8 43.
Rb5 Kc6 44. g4 Rxb7 45. Rxb7 Kxb7 46. gxf5 gxf5 47. Bxf5 h6 48. Kd3 Kc6 49. f4 Kc5 50.
fxe5 Bxe5 51. h4 Bf6 52. h5 Bg5 53. Be6 Bf6 54. Ke4 Bg5 55. Kf5 Bc1 56. Kg6 Bg5 57. Bd5 Bc1 58. Bf7 Bg5 59. Kf5 Bc1 60. Ke4 Bg5 61. Kd3 Bf6 62. Ke4 Bg5 63. Kd3 Bf6 64. Ke2 Bg5 65. Kf3 Bf6 66. Kg4 Bg5 67. Kf5 Bc1 68.
Kg6 Bg5 69. Kg7 Bc1 70. Kg6 1/2-1/2

[Event "*** Titled Tuesday Blitz"]
[Site "Chess.com"]
[Date "2020.05.05"]
[Round "1"]
[White "Caterpiller35"]
[Black "tioloko"]
[Result "0-1"]
[WhiteElo "2301"]
[BlackElo "2623"]
[TimeControl "180+1"]
[EndTime "10:08:19 PDT"]
[Termination "tioloko won by resignation"]

1. d4 d5 2. Bf4 e6 3. e3 Bd6 4. Bg3 Ne7 5. Nf3 c5 6. c4 O-O 7. Nc3 cxd4 8. Nxd4 Nbc6 9. cxd5 exd5 10. Ndb5 Be5 11. Bd3 a6 12. Bxe5 Nxe5 13. Nd4 Bg4 14. Be2 Qd7 15. O-O Rac8 16. Rc1 Rfd8 17. Qb3 Bxe2 18.
Ncxe2 Nc4 19. Rfd1 b5 20. Nf4 Ng6 21. Nxg6 hxg6 22.
Qb4 Rc7 23. b3 Ne5 24. Qa5 Rdc8 25. Rxc7 Rxc7 26. Qxa6 Qg4 27. f3 Qg5 28. Qa8+ Kh7 29. Qxd5 Qxe3+ 30. Kh1 Rc1 31. Ne2 Rxd1+ 32. Qxd1 Nd3 33.
Qf1 Nf2+ 34. Kg1 Ne4+ 35. Kh1 Nd2 36. Qd1 b4 37. Ng3 Qc3 38. Ne4 Nxe4 39. fxe4 Qe3 40. Qb1 Qf2 41. h3 Kh6 42. Kh2 g5 43. Qc1 g6 44.
Qc4 Qf4+ 45. Kg1 Qe3+ 46. Kh2 Qf4+ 47. Kg1 g4 48. Qxf7 Qxf7 0-1